 Dungeon Crawl Stone Soup version 0.30-a0-777-ga9a30cbeda (webtiles) character file.

Game seed: 16341948314014465490

213 Flugslaktarn the Chopper (level 5, -2/47 HPs)
             Began as a Hill Orc Fighter on Feb 13, 2023.
             Slain by Sigmund
             ... wielding a +0 scythe
              (10 damage)
             ... on level 3 of the Dungeon.
             The game lasted 00:00:52 (1740 turns).

Flugslaktarn the Chopper (Hill Orc Fighter)         Turns: 1740, Time: 00:00:52

Health: -2/47      AC:  7    Str: 21    XL:     5   Next: 90%
Magic:  5/5        EV:  9    Int:  8    God:
Gold:   92         SH:  4    Dex: 10    Spells: 4/4 levels left

rFire   . . .      SeeInvis .    a - +0 war axe
rCold   + . .      Faith    .    e - +0 buckler
rNeg    . . .      Spirit   .    b - +0 scale mail
rPois   .          Reflect  .    (no helmet)
rElec   .          Harm     .    (no cloak)
rCorr   .          Rampage  .    (no gloves)
Will    .....                    (no boots) Stlth
                                 (no amulet)
HPRegen 0.27/turn                c - ring of protection from cold
MPRegen 0.09/turn                (no ring)

@: mighty
A: no striking features
a: no special abilities


You were on level 3 of the Dungeon.
You visited 1 branch of the dungeon, and saw 3 of its levels.

You collected 92 gold pieces.

Inventory:

Hand Weapons
 a - a +0 war axe (weapon)
Armour
 b - a +0 scale mail (worn)
 e - a +0 buckler (worn)
Jewellery
 c - a ring of protection from cold (left hand)
   (You found it on level 1 of the Dungeon)
Scrolls
 f - 2 scrolls of identify {unknown}
 g - a scroll of poison {unknown}
 i - a scroll of immolation {unknown}
 k - 2 scrolls of noise {unknown}
 m - a scroll of vulnerability {unknown}
 n - a scroll of magic mapping {unknown}
 p - a scroll of brand weapon {unknown}
 r - a scroll of teleportation {unknown}
Potions
 h - a potion of brilliance {unknown}
 j - a potion of curing {unknown}
 l - 2 potions of mutation {unknown}
 o - a potion of lignification {unknown}
 q - 2 potions of haste {unknown}


   Skills:
 + Level 4.9 Fighting
 * Level 5.9 Axes
 + Level 4.4 Armour
 - Level 3.2 Shields


You had 4 spell levels left.
You didn't know any spells.
Your spell library was empty.

Dungeon Overview and Level Annotations

Branches:
Dungeon (3/15)

Altars:

Annotations:
D:3 Sigmund


Message History

No target in view!
No target in view!
No target in view!
No target in view!
You see here a bat corpse.
r - a scroll labelled DUFUUNUXTU
q - 2 pink potions (gained 1)
There is an escape hatch in the floor here.
Found a robe.
A frilled lizard comes into view.
The frilled lizard hisses angrily.
You see here a +0 robe.
A hobgoblin comes into view.
The hobgoblin shouts!
The frilled lizard bites you but does no damage.
An endoplasm comes into view.
A quokka comes into view.
You slash the frilled lizard!
You kill the frilled lizard!
Pargi the Meek comes into view.
Pargi shouts!
The hobgoblin closely misses you.
You barely miss the hobgoblin. You slash the endoplasm!
You kill the endoplasm!
The hobgoblin hits you but does no damage.
The quokka bites you but does no damage.
You slash the hobgoblin!
You kill the hobgoblin!
You closely miss the quokka. The quokka closely misses you.
Sigmund the Dreaded comes into view.
He is wielding a +0 scythe.
You barely miss the quokka.
Sigmund shouts!
The quokka closely misses you.
Sigmund casts a spell.
Sigmund flickers and vanishes!
Deactivating autopickup; reactivate with Ctrl-A.
The quokka bites you but does no damage.
You barely miss Pargi. You barely miss the quokka.
Pargi bites you but does no damage. Pargi claws you. Pargi barely misses you.
The quokka bites you. Pargi bites you but does no damage. Pargi misses you.
Pargi claws you but does no damage.
You barely miss Pargi. You hit the quokka.
The quokka bites you but does no damage.
Pargi closely misses you. Pargi claws you but does no damage.
You block Pargi's attack. The quokka barely misses you.
There are monsters nearby!
There are monsters nearby!
You hit the quokka.
The quokka is moderately wounded.
You barely miss Pargi.
The quokka bites you but does no damage.
Pargi bites you. You block Pargi's attack. Pargi claws you but does no damage.
You barely miss the quokka.
The quokka is moderately wounded.
You barely miss Pargi. The quokka barely misses you.
Pargi bites you but does no damage. Pargi claws you.
Pargi claws you but does no damage. The quokka misses you. Something hits you.
Pargi completely misses you. Pargi claws you but does no damage. x2
The quokka attacks as you move away! You block the quokka's attack.
The quokka attacks as you move away! You block the quokka's attack.
You feel very mighty all of a sudden.
The quokka bites you but does no damage.
The quokka closely misses you.
You closely miss the quokka.
The quokka is moderately wounded.
Something hits you! The quokka closely misses you.
You slash the quokka!
You kill the quokka!
Something hits you.
You slice Pargi!!
Pargi is severely wounded.
Pargi bites you but does no damage. You block Pargi's attack.
Pargi claws you but does no damage. Something hits you!
You hit Pargi.
Pargi is severely wounded.
Pargi bites you but does no damage. Pargi claws you but does no damage.
Pargi closely misses you. Pargi barely misses you.
Pargi claws you but does no damage. Pargi closely misses you.
Something hits you but does no damage.
You hit Pargi.
Pargi is almost dead.
Pargi barely misses you. Pargi claws you but does no damage.
Pargi barely misses you. Something hits you but does no damage.
You closely miss Pargi.
Pargi is almost dead.
Pargi bites you. Pargi barely misses you. Pargi claws you.
You slice Pargi!!
You kill Pargi!
The troll leather armour {Pargi} is intact enough to wear.
You block something's attack.
You are too injured to fight recklessly!
You hear some strange, mumbled words.
Something tries to affect you, but you resist.
Things that are here:
a +0 troll leather armour {Pargi}; the troll corpse of Pargi; a quokka corpse You are too injured to fight recklessly!
You closely miss something. Something hits you!
* * * LOW HITPOINT WARNING * * *
You are too injured to fight recklessly!
You slash something! Something hits you!
You die...

#######.#
#.......#
#.......#
#.......#
#.......#
#.......#
#.......# #.
#.....{.#
#...#######@# #...
####.# #...#
#..[.#
#...####.########
#.......>.......#
#...............#
#...............#
##...............#
#................#


There were no monsters in sight!

Vanquished Creatures
  Pargi (D:3)
  Ijyb (D:3)
  A gnoll (D:1)
  An adder (D:2)
  3 worms (D:2)
  7 ball pythons
  11 endoplasms
  2 giant cockroaches
  8 goblins
  3 hobgoblins
  2 jackals (D:1)
  3 quokkas
  7 bats
  4 frilled lizards
  6 kobolds
  6 rats (D:1)
66 creatures vanquished.

Notes
Turn   | Place    | Note
-------+----------+-------------------------------------------
     0 | D:1      | Flugslaktarn the Hill Orc Fighter began the quest for the
                  | Orb.
     0 | D:1      | Reached XP level 1. HP: 19/19 MP: 1/1
   118 | D:1      | Reached skill level 3 in Axes
   164 | D:1      | Reached XP level 2. HP: 6/27 MP: 2/2
   330 | D:1      | Reached XP level 3. HP: 33/33 MP: 3/3
   485 | D:1      | Found a faded altar of an unknown god.
   565 | D:1      | Reached skill level 4 in Axes
  1064 | D:2      | Reached XP level 4. HP: 31/40 MP: 4/4
  1494 | D:3      | Noticed Ijyb
  1502 | D:3      | Killed Ijyb
  1503 | D:3      | Reached skill level 5 in Axes
  1636 | D:3      | Reached XP level 5. HP: 47/47 MP: 5/5
  1719 | D:3      | Noticed Pargi
  1722 | D:3      | Noticed Sigmund
  1737 | D:3      | Killed Pargi
  1740 | D:3      | Slain by Sigmund

Illustrated notes

Levels and vault maps discovered:
D:1:      ebering_hopf_link, layout_loops_ring,
          hellmonk_ecumenical_altar_crossroads, skrybe_limestone_x,
          minmay_split_cup_small
D:2:      layout_rooms
D:3:      layout_basic, minmay_misc_feat_tiny, uniq_ijyb, uniq_pargi,
          uniq_sigmund

Skill      XL: |  1  2  3  4 |
---------------+-------------+-----
Axes           | 3 4 5 |  5.9
Fighting       | 4 |  4.9
Armour         | 4 |  4.4
Shields        | |  3.2

Action                     |  1- 3 |  4- 6 || total
---------------------------+-------+-------++-------
  Melee: War axe           |   111 |    67 ||   178
    Use: Potion            |       |     1 ||     1
 Armour: Scale mail        |    56 |    47 ||   103
  Dodge: Dodged            |    53 |    48 ||   101
  Block: Buckler           |    21 |    21 ||    42

Table legend: (Time is in decaauts)
 A = Elapsed time spent in this place.
 B = Non-inter-level travel time spent in this place.
 C = Inter-level travel time spent in this place.
 D = Time resting spent in this place.
 E = Time spent auto-exploring this place.
 F = Levels seen in this place.
 G = Mean time per level.
                   A        B        C        D        E       F      G
               +--------+--------+--------+--------+--------+-----+--------+
         Total |   1796 |   1756 |     40 |     83 |   1277 |   3 |  598.7 |
       Dungeon |   1796 |   1756 |     40 |     83 |   1277 |   3 |  598.7 |
               +--------+--------+--------+--------+--------+-----+--------+

Top non-repeatable levels by time:
     D:1: 901 daAuts
     D:2: 603 daAuts
     D:3: 291 daAuts
